 Dungeon Crawl Stone Soup version 0.21.1 (webtiles) character file.

734 Ajohnson the Covert (level 7, -11/32 HPs)
             Began as a Spriggan Enchanter on Feb 2, 2018.
             Killed by divine providence
             ... invoked by an orc priest
              (13 damage)
             ... on level 5 of the Dungeon.
             The game lasted 00:17:53 (3423 turns).

Ajohnson the Covert (Spriggan Enchanter)            Turns: 3423, Time: 00:17:54

Health: -11/32     AC:  2    Str:  6    XL:     7   Next: 45%
Magic:  23/23      EV: 17    Int: 16    God:
Gold:   204        SH:  5    Dex: 17    Spells: 9/15 levels left

rFire    . . .     SeeInvis +   A - +2 dagger (elec)
rCold    . . .     Gourm    .   C - +0 buckler
rNeg     . . .     Faith    .   b - +0 robe
rPois    +         Spirit   .   (helmet restricted)
rElec    .         Reflect  .   (no cloak)
rCorr    .         Harm     .   (gloves unavailable)
MR       +....                  (boots unavailable)
Stlth    ++++......             (no amulet)
HPRegen  0.10/turn              f - ring of magical power
MPRegen  0.18/turn              n - ring of poison resistance

@: very quick
A: very small, unfitting armour, see invisible, herbivore, speed 3, slow
metabolism 2
a: no special abilities


You were on level 5 of the Dungeon.
You were not hungry.

You visited 1 branch of the dungeon, and saw 6 of its levels.

You collected 204 gold pieces.

Inventory:

Hand Weapons
 a - a +1 dagger
 A - a +2 dagger of electrocution (weapon)
Missiles
 s - 69 stones (quivered)
Armour
 b - a +0 robe (worn)
 C - a +0 buckler (worn)
Jewellery
 f - a ring of magical power (left hand)
 g - an uncursed ring of protection from fire
 m - an uncursed ring of fire
 n - a ring of poison resistance (right hand)
 v - a +2 ring of strength
Scrolls
 h - a scroll of fear {unknown}
 i - 2 scrolls of remove curse {unknown}
 o - a scroll of teleportation {unknown}
 w - a scroll of enchant weapon {unknown}
 x - 3 scrolls of identify {unknown}
 y - 2 scrolls of amnesia {unknown}
 D - a scroll of random uselessness {unknown}
 E - a scroll of blinking {unknown}
Potions
 e - a potion of might {unknown}
 j - 3 potions of flight {unknown}
 k - a potion of magic {unknown}
 l - 5 potions of curing {unknown}
 p - a potion of mutation {unknown}
 q - 2 potions of lignification {unknown}
 r - a potion of heal wounds {unknown}
 t - 2 potions of ambrosia {unknown}
 u - a potion of agility {unknown}
 z - 2 potions of degeneration {unknown}
 F - a potion of invisibility {unknown}
Books
 c - a book of Maledictions

   Spells                             Type                      Level
   a - Corona                         Hexes                        1
   b - Ensorcelled Hibernation        Hexes/Ice                    2
   c - Confuse                        Hexes                        3
   d - Tukima's Dance                 Hexes                        3
   e - Dazzling Spray                 Conjuration/Hexes            3
 B - a book of Summonings

   Spells                             Type                      Level
   a - Recall                         Summoning/Translocation      3
   b - Aura of Abjuration             Summoning                    5
   c - Summon Demon                   Summoning                    5
   d - Summon Forest                  Summoning/Translocation      5
   e - Summon Mana Viper              Hexes/Summoning              5
   f - Shadow Creatures               Summoning                    6
Comestibles
 d - 3 rations


   Skills:
 + Level 5.5 Short Blades
 - Level 3.0 Dodging
 - Level 8.5 Stealth
 * Level 4.5 Spellcasting
 * Level 5.3 Hexes


You had 9 spell levels left.
You knew the following spells:

 Your Spells              Type           Power        Failure   Level  Hunger
a - Corona                Hex            ###....      3%          1    None
b - Ensorcelled Hibernat  Hex/Ice        ##....       14%         2    ##.....
c - Confuse               Hex            ###.....     9%          3    ###....


Dungeon Overview and Level Annotations

Branches:
Dungeon (6/15)
 Temple: D:4-7

Altars:
Ashenzari
Gozag


Innate Abilities, Weirdness & Mutations

You are very small and have problems with some larger weapons.
You are too small for most types of armour.
You have supernaturally acute eyesight. (SInv)
You are a herbivore.
You cover ground extremely quickly.
You need consume almost no food.


Message History

The orc wizard casts a spell at you. The magic dart hits you!
The leopard gecko hisses angrily.
The orc priest invokes the aid of Beogh against you.
Beogh smites you!
Ouch! That really hurt!
* * * LOW HITPOINT WARNING * * *
The orc wizard gestures at you while chanting.
You are confused.
You're too confused to move!
Unknown command.
You miss the worker ant. The worker ant barely misses you.
You hit the worker ant.
The worker ant is moderately wounded.
You feel less confused. The worker ant closely misses you.
A worker ant comes into view.
The orc priest calls down the wrath of Beogh upon you.
Beogh smites you!
You die...

..≈≈≈≈... ≈≈...................
...≈≈.... . ≈.#.................
......... .#. #........o......o..
......... ...##......$..<...o....
......... #..#....)..o.......?..
........# ...#...o...##.......
........#######.##..O.l..........
........#.........a#.............
................@....†o...a...?..
.>...............................
...................#.............
...................#........(....
#######..).........##..#.###.....
#............###.#.# ..#$.
###...........##.#.. .#
#..............##.#
#############......


You could see an ogre, a worker ant, an orc priest, an orc wizard and 2 orcs.

Vanquished Creatures
  Sigmund (D:3)
  An ice beast (D:4)
  A black bear (D:3)
  A sky beast (D:6)
  A bullfrog (D:5)
  A scorpion (D:5)
  A howler monkey (D:4)
  A worker ant (D:4)
  4 adders
  4 oozes
  A worm (D:2)
  2 dart slugs (D:3)
  3 leopard geckos (D:3)
  6 orcs
  2 giant cockroaches (D:2)
  6 goblins
  8 hobgoblins
  3 jackals (D:3)
  6 kobolds
  A quokka (D:5)
  8 bats
  6 frilled lizards
  2 rats
70 creatures vanquished.

Notes
Turn   | Place    | Note
-------+----------+-------------------------------------------
     0 | D:1      | Ajohnson the Spriggan Enchanter began the quest for the Orb.
     0 | D:1      | Reached XP level 1. HP: 9/9 MP: 5/5
   404 | D:2      | Reached skill level 5 in Stealth
   404 | D:2      | Reached XP level 2. HP: 13/13 MP: 6/6
  1126 | D:2      | Reached XP level 3. HP: 16/16 MP: 8/8
  1625 | D:2      | Reached skill level 6 in Stealth
  1980 | D:3      | Learned a level 2 spell: Ensorcelled Hibernation
  1984 | D:3      | Learned a level 3 spell: Confuse
  2069 | D:3      | Found a faded altar of an unknown god.
  2076 | D:3      | Reached XP level 4. HP: 21/21 MP: 9/9
  2505 | D:3      | Noticed a black bear
  2528 | D:3      | Killed a black bear
  2528 | D:3      | Reached skill level 7 in Stealth
  2528 | D:3      | Reached XP level 5. HP: 23/24 MP: 10/10
  2702 | D:3      | Noticed Sigmund
  2705 | D:3      | Killed Sigmund
  2705 | D:3      | Reached skill level 8 in Stealth
  2705 | D:3      | Reached XP level 6. HP: 28/28 MP: 11/11
  2893 | D:4      | Reached skill level 5 in Short Blades
  3134 | D:4      | Found an opulent altar of Gozag.
  3200 | D:4      | Noticed an ice beast
  3207 | D:4      | Killed an ice beast
  3234 | D:4      | Found a shattered altar of Ashenzari.
  3235 | D:4      | Reached XP level 7. HP: 32/32 MP: 13/13
  3293 | D:4      | You fall through a shaft for 2 floors!
  3349 | D:5      | Entered Level 5 of the Dungeon
  3357 | D:5      | Reached skill level 5 in Hexes
  3410 | D:5      | HP: 1/32 [orc priest/divine providence (16)]
  3423 | D:5      | Killed from afar by an orc priest

Skill      XL: |  1  2  3  4  5  6  7 |
---------------+----------------------+-----
Stealth        | 5 6 7 8 |  8.5
Short Blades   | 2 3 4 5 |  5.5
Spellcasting   | 3 4 |  4.5
Hexes          | 4 5 |  5.3
Dodging        | |  3.0

Action                   |  1- 3 |  4- 6 |  7- 9 || total
-------------------------+-------+-------+-------++-------
Melee: Dagger            |   111 |    87 |     9 ||   207
 Cast: Confuse           |       |    10 |       ||    10
       Ensorcelled Hiber |       |     6 |     5 ||    11
 Stab: Sleeping          |    13 |    13 |     6 ||    32
       Distracted        |     1 |     1 |       ||     2
       Confused          |       |     4 |       ||     4
  Eat: Ration            |       |     1 |       ||     1
Armor: Robe              |    11 |     4 |       ||    15
Dodge: Dodged            |    80 |    50 |     4 ||   134
Block: Buckler           |       |       |     1 ||     1
